 Dungeon Crawl Stone Soup version 0.26-a0-651-gb41185065b (webtiles) character file.

Game seed: 5134732150621695477

182711 HoaS the Bludgeoner (level 18, -1/162 HPs)
             Began as a Formicid Fighter on Oct 10, 2020.
             Was the Champion of Makhleb.
             Slain by a tentacle (18 damage)
             ... attached to a kraken
             ... on level 1 of the Shoals on Oct 18, 2020.
             The game lasted 01:29:47 (28751 turns).

HoaS the Bludgeoner (Formicid Fighter)             Turns: 28751, Time: 01:29:47

Health: -1/162     AC: 27    Str: 28    XL:     18   Next: 61%
Magic:  18/18      EV: 16    Int: 11    God:    Makhleb [******]
Gold:   4914       SH: 19    Dex: 12    Spells: 17/17 levels left

rFire    + . .     SeeInvis +   E - +5 great mace (protect)
rCold    . . .     Faith    .   g - +2 kite shield {rF+}
rNeg     . . .     Spirit   .   w - +0 plate armour
rPois    .         Reflect  +   (helmet unavailable)
rElec    .         Harm     .   P - +0 cloak {MR+}
rCorr    .         Rampage  .   u - +2 pair of gloves
MR       ++++.                  O - +0 pair of boots "Doack" {MR+ Str+4}
Stlth    ..........             x - amulet of reflection
HPRegen  0.37/turn              H - +4 ring of evasion
MPRegen  0.16/turn              v - ring of protection from magic

@: protection aura, studying Armour, very slow
A: permanent stasis, dig shafts and tunnels, four strong arms, antennae 3
}: 1/15 runes: gossamer
a: Dig, Shaft Self, Minor Destruction, Lesser Servant of Makhleb, Major
Destruction, Greater Servant of Makhleb, Renounce Religion


You were on level 1 of the Shoals.
You worshipped Makhleb.
Makhleb was exalted by your worship.
You visited 6 branches of the dungeon, and saw 29 of its levels.
You also visited: Gauntlet and Volcano.

You collected 5096 gold pieces.
You spent 182 gold pieces at shops.

Inventory:

Hand Weapons
 E - a +5 great mace of protection (weapon)
Armour
 g - a +2 kite shield of fire resistance (worn)
 u - a +2 pair of gloves (worn)
 w - a +0 plate armour (worn)
 F - a scarf of resistance
 O - the +0 pair of boots "Doack" (worn) {MR+ Str+4}
   (You found it in a Gauntlet)

   It affects your strength (+4).
   It affects your resistance to hostile enchantments.
 P - a +0 cloak of magic resistance (worn)
Jewellery
 q - a +4 ring of protection
 v - a ring of protection from magic (right hand)
 x - an amulet of reflection (around neck)
 A - the ring "Emmuv" {AC+4 Int+3}
   (You found it on level 1 of the Lair of Beasts)

   [ring of protection]

   It affects your AC (+4).
   It affects your intelligence (+3).
 H - a +4 ring of evasion (left hand)
 I - a +6 ring of strength
 K - an uncursed ring of ice
 L - a +6 ring of dexterity
 N - an uncursed ring of protection from cold
 Q - a cursed ring of protection from fire
Wands
 a - a wand of iceblast (15)
 m - a wand of acid (13)
 n - a wand of polymorph (22)
 s - a wand of paralysis (41)
 y - a wand of flame (106)
 B - a wand of random effects (17)
 C - a wand of digging (5)
 G - a wand of disintegration (13)
Scrolls
 f - 12 scrolls of identify
 i - 7 scrolls of fear
 o - a scroll of summoning
 r - 17 scrolls of remove curse
 z - 4 scrolls of magic mapping
 J - 2 scrolls of fog
 R - a scroll of holy word
 S - a scroll of silence
 T - a scroll of brand weapon {unknown}
Potions
 b - 4 potions of flight
 c - 2 potions of stabbing
 d - 7 potions of ambrosia
 e - 7 potions of heal wounds
 h - 2 potions of mutation
 j - 10 potions of curing
 k - 7 potions of resistance
 l - 7 potions of lignification
 p - a potion of cancellation
 t - 5 potions of invisibility
 D - 3 potions of might
Books
 M - a manual of Armour


   Skills:
 + Level 20.0 Fighting
 + Level 20.0 Maces & Flails
 + Level 9.0 Armour
 + Level 9.0 Dodging
 + Level 9.0 Shields


You had 17 spell levels left.
You didn't know any spells.
Your spell library contained the following spells:

 Spells                   Type           Power        Failure   Level
 Animate Skeleton         Necr           #.....       97%         1
 Apportation              Tloc           #.....       97%         1
 Corona                   Hex            #......      97%         1
 Freeze                   Ice            #...         97%         1
 Pain                     Necr           #...         97%         1
 Sandblast                Erth           #.....       97%         1
 Sting                    Tmut/Pois      #...         97%         1
 Summon Small Mammal      Summ           #...         97%         1
 Call Imp                 Summ           #.......     99%         2
 Ensorcelled Hibernation  Hex/Ice        #.....       99%         2
 Passwall                 Tmut/Erth      #.......     99%         2
 Poisonous Vapours        Pois/Air       #.....       99%         2
 Call Canine Familiar     Summ           #.......     100%        3
 Frozen Ramparts          Ice            #.....       100%        3
 Ignite Poison            Fire/Tmut/Pois #.......     100%        3
 Mephitic Cloud           Conj/Pois/Air  #.......     100%        3
 Ozocubu's Armour         Ice            #.......     100%        3
 Stone Arrow              Conj/Erth      #.....       100%        3
 Summon Guardian Golem    Hex/Summ       #.......     100%        3
 Vampiric Draining        Necr           #.........   100%        3
 Animate Dead             Necr           #.........   100%        4
 Hailstorm                Conj/Ice       #.......     100%        4
 Olgreb's Toxic Radiance  Pois           #.......     100%        4
 Petrify                  Tmut/Erth      #.......     100%        4
 Summon Ice Beast         Ice/Summ       #.......     100%        4
 Summon Lightning Spire   Summ/Air       #.......     100%        4
 Agony                    Necr           #.......     100%        5
 Borgnjor's Vile Clutch   Necr/Erth      #.........   100%        5
 Lee's Rapid Deconstruct  Erth           #.........   100%        5
 Silence                  Hex/Air        #.........   100%        5
 Shadow Creatures         Summ           N/A          100%        6


Dungeon Overview and Level Annotations

Branches:
Dungeon (15/15)            Temple (1/1) D:4            Lair (6/6) D:8
 Shoals (1/4) Lair:4       Spider (4/4) Lair:4        Slime (0/5) Lair:5
    Orc (2/2) D:11            Elf (0/3) Orc:2        Vaults (0/5) D:13
 Depths (0/5) D:15        Volcano (visited)         Gauntlet (visited)

Altars:
Ashenzari
Cheibriados
Dithmenos
Elyvilon
Fedhas
Gozag
Hepliaklqana
Kikubaaqudgha
Makhleb
Nemelex Xobeh
Okawaru
Qazlal
Ru
Sif Muna
Trog
Uskayaw
Vehumet
Wu Jian
Xom
Yredelemnul
Zin
The Shining One
Beogh

Shops:
Orc:2 [!**

Annotations:
Lair:2 exclusion: oklob plant
Lair:5 exclusion: 3 oklob plants


Innate Abilities, Weirdness & Mutations

You cannot be hasted, slowed, berserked, paralysed or teleported.
You can dig through walls and to a lower floor.
Your four strong arms can wield two-handed weapons with a shield.
You have a pair of large antennae on your head. (SInv)


Message History

You block the tentacle's attack. You block the kraken's attack.
You sock the kraken!
The kraken is heavily wounded.
The tentacle slaps you but does no damage. x2
You block the tentacle's attack. The tentacle slaps you.
* * * LOW HITPOINT WARNING * * *
A tentacle segment bursts forth from the water.
The tentacle completely misses you. The tentacle closely misses you.
The tentacle slaps you but does no damage.
You bludgeon the kraken!!
The kraken is severely wounded.
You block the kraken's attack. You block the tentacle's attack. x2
The tentacle completely misses you. The tentacle slaps you!
* * * LOW HITPOINT WARNING * * *
You hit the kraken but do no damage.
The kraken is severely wounded.
The tentacle completely misses you. The kraken bites you!
* * * LOW HITPOINT WARNING * * *
You block the tentacle's attack. The tentacle slaps you!!
You die...

≈≈≈≈≈≈≈≈≈≈≈≈≈≈≈
≈≈≈≈≈≈≈≈≈≈≈≈....≈≈≈≈≈≈≈≈
≈[..≈≈≈≈≈≈..# #.≈≈≈≈≈≈≈≈
..#..≈≈≈≈≈.## #..≈≈≈≈≈≈≈
≈...≈≈≈≈≈≈..###.≈≈≈≈≈≈≈≈
≈≈≈≈≈≈≈.≈...##.≈≈≈≈≈≈≈≈≈
≈≈≈≈≈.........?≈≈≈≈≈≈≈≈≈
≈≈≈.######..≈≈≈≈ww≈≈≈≈≈≈
≈≈.## #.....≈@X≈≈≈≈≈≈
≈≈≈# #####.ww≈≈≈≈≈≈≈
≈≈.# #..≈≈≈≈≈≈≈≈ ≈≈≈.≈
#..≈≈≈≈≈≈≈≈ ≈≈≈≈≈
...≈≈≈≈≈≈≈≈ ≈≈≈≈≈
≈≈≈≈≈≈≈≈≈≈≈≈ ≈≈≈≈≈
≈≈≈≈≈≈≈≈≈≈≈≈≈
≈≈≈≈≈≈≈≈≈≈≈≈≈≈


You could see a kraken and 4 tentacles.

Vanquished Creatures
  Jorgrun (D:14)
  Rupert (D:15)
  Kirke (D:13)
  4 ghost moths (Spider:4)
  2 orc warlords
  An emperor scorpion (Spider:4)
  A stone giant (Orc:1)
  An entropy weaver (shapeshifter) (D:13)
  3 entropy weavers
  A minotaur (Gauntlet)
  2 spark wasps (Spider:4)
  A fire dragon (Lair:6)
  Harold (D:10)
  A vault guard (D:13)
  8 two-headed ogres
  2 death knights
  10 hydras
  5 centaur warriors
  An alligator snapping turtle (Shoals:1)
  A dancing weapon (Volcano)
  An ogre mage (D:15)
  A catoblepas (D:11)
  A tengu warrior (D:15)
  5 skeletal warriors
  3 unseen horrors
  A phantasmal warrior (D:15)
  6 wizards
  A lindwurm (Lair:6)
  5 orc knights
  6 fauns (Shoals:1)
  An oklob plant (Lair:4)
  22 orb spiders
  3 wolf spider zombies
  10 ugly things
  A deep elf mage (D:15)
  2 cyclopes
  36 wolf spiders
  4 manticores
  An orc sorcerer (Orc:1)
  2 moths of wrath
  3 naga magi (D:15)
  5 black mambas
  3 merfolk sirens (Shoals:1)
  Joseph (D:8)
  5 toenail golems (Volcano)
  2 torpor snails
  2 centaur zombies
  Maggie (D:8)
  A molten gargoyle (Lair:6)
  5 cane toads
  6 rime drakes
  A gargoyle (D:11)
  2 efreet
  2 kobold demonologists
  9 komodo dragons
  2 freezing wraiths
  5 demonic crawlers
  7 trolls
  Grinder (D:5)
  47 jumping spiders
  3 meliai (Spider:2)
  A wolf spider simulacrum (Gauntlet)
  6 hornets
  2 merfolk (Shoals:1)
  Prince Ribbit (D:8)
  9 hippogriffs
  26 blink frogs
  9 slime creatures
  2 dream sheep (Lair:4)
  A snapping turtle (Shoals:1)
  2 water elementals
  2 centaur simulacra (Gauntlet)
  57 redbacks
  A shadow (D:15)
  22 tarantellas
  6 wyverns
  Sigmund (D:5)
  50 yaks
  A yak (shapeshifter) (Gauntlet)
  5 wraiths
  8 basilisks
  3 hogs (D:13)
  The ghost of HunterMK the Slasher, an amateur MiBe of Trog (D:4)
  A hog (shapeshifter) (D:13)
  A redback simulacrum (Gauntlet)
  3 vampire mosquitoes
  A steam dragon (Lair:6)
  A soldier ant (D:11)
  3 wargs (Orc:1)
  An acid dragon (D:11)
  2 hell hounds (Lair:6)
  2 porcupines (Lair:2)
  Duvessa (D:7)
  9 water moccasins
  5 black bears
  38 orc warriors
  4 ice beasts
  A hornet zombie (D:14)
  2 eyes of draining
  7 sky beasts
  3 necrophages
  8 wolves
  9 ogres
  6 phantoms
  An ice dragon simulacrum (Gauntlet)
  22 centaurs
  11 crocodiles
  Blork the orc (D:5)
  21 bullfrogs
  Dowan (D:7)
  4 scorpions
  6 killer bees
  13 wights
  4 electric eels
  4 howler monkeys
  2 bullfrog zombies
  5 lava snakes (Lair:6)
  2 quasits
  18 orc priests
  2 bullfrog skeletons
  4 jellies
  6 centaur skeletons
  6 hounds
  2 iguanas (D:11)
  18 orc wizards
  9 worker ants
  A statue (D:7)
  A hound skeleton (D:8)
  A worker ant zombie (D:11)
  4 gnolls (D:3)
  10 adders
  A shadow imp (D:6)
  2 white imps (D:6)
  A worker ant simulacrum (D:11)
  5 ufetubi
  An ooze (D:2)
  An adder zombie (D:8)
  2 adder skeletons
  2 worms (D:3)
  4 dart slugs (D:1)
  2 leopard geckos (D:3)
  87 orcs
  6 bats
  2 giant cockroaches
  7 hobgoblins
  9 jackals
  4 kobolds
  4 quokkas
  2 ball pythons
  5 frilled lizards
  7 goblins
  A jackal skeleton (D:4)
  A leopard gecko zombie (D:5)
  7 rats
  2 tentacles (Shoals:1)
941 creatures vanquished.

Vanquished Creatures (others)
  A rakshasa (D:13)
  A redback zombie (D:15)
  A jumping spider (Spider:4)
  A jelly (D:15)
  14 fungi
  15 plants
  8 tentacles (Shoals:1)
41 creatures vanquished.

Grand Total: 982 creatures vanquished

Notes
Turn   | Place    | Note
-------+----------+-------------------------------------------
     0 | D:1      | HoaS the Formicid Fighter began the quest for the Orb.
     0 | D:1      | Reached XP level 1. HP: 18/18 MP: 1/1
   294 | D:1      | Reached XP level 2. HP: 22/24 MP: 2/2
   539 | D:1      | Reached XP level 3. HP: 29/29 MP: 3/3
  1282 | D:2      | Reached XP level 4. HP: 35/35 MP: 4/4
  1758 | D:3      | Reached XP level 5. HP: 41/41 MP: 5/5
  2520 | D:3      | Reached skill level 5 in Shields
  2671 | D:3      | Reached XP level 6. HP: 30/47 MP: 6/6
  2961 | D:4      | Noticed an ogre
  2974 | D:4      | Killed an ogre
  2974 | D:4      | Reached skill level 5 in Maces & Flails
  3002 | D:4      | Found a glowing golden altar of the Shining One.
  3026 | D:4      | Found an ornate altar of the Wu Jian Council.
  3104 | D:4      | Found a staircase to the Ecumenical Temple.
  3115 | Temple   | Entered the Ecumenical Temple
  3174 | Temple   | Became a worshipper of Makhleb the Destroyer
  3186 | D:4      | Noticed a phantom
  3200 | D:4      | Found a transporter.
  3200 | D:4      | Noticed HunterMK's ghost (amateur MiBe)
  3223 | D:4      | Killed a phantom
  3223 | D:4      | Reached XP level 7. HP: 41/52 MP: 7/7
  3225 | D:4      | Found a transporter.
  3243 | D:4      | You fall into a shaft and drop 2 floors!
  3708 | D:5      | Entered Level 5 of the Dungeon
  3874 | D:5      | Found an opulent altar of Gozag.
  3879 | D:5      | Noticed Blork the orc
  3884 | D:5      | Killed Blork the orc
  3895 | D:5      | Found a sacrificial altar of Ru.
  3945 | D:5      | Found a broken altar of Ashenzari.
  3946 | D:5      | Found a hide-covered altar of Uskayaw.
  3946 | D:5      | Noticed Grinder
  3947 | D:5      | Found a snail-covered altar of Cheibriados.
  3953 | D:5      | Found a glowing silver altar of Zin.
  3995 | D:5      | Killed Grinder
  3995 | D:5      | Reached XP level 8. HP: 34/58 MP: 8/8
  4162 | D:5      | Noticed Sigmund
  4174 | D:5      | Killed Sigmund
  4829 | D:6      | Reached * piety under Makhleb
  5023 | D:7      | Reached XP level 9. HP: 64/64 MP: 9/9
  5174 | D:7      | Noticed Duvessa
  5174 | D:7      | Noticed Dowan
  5204 | D:7      | Killed Duvessa
  5208 | D:7      | Killed Dowan
  5934 | D:7      | Found a radiant altar of Vehumet.
  6360 | D:8      | Found a staircase to the Lair.
  6375 | D:8      | Reached skill level 10 in Maces & Flails
  6550 | D:8      | Noticed Joseph
  6569 | D:8      | Killed Joseph
  6715 | D:8      | Reached XP level 10. HP: 70/70 MP: 10/10
  6889 | D:8      | Noticed Maggie
  6908 | D:8      | Killed Maggie
  7126 | D:8      | Noticed Prince Ribbit
  7138 | D:8      | Killed Prince Ribbit
  7242 | D:8      | Reached ** piety under Makhleb
  7580 | D:9      | Found a shimmering blue altar of Sif Muna.
  7908 | D:10     | Entered Level 10 of the Dungeon
  8661 | D:10     | Noticed Harold
  8685 | D:10     | Reached XP level 11. HP: 75/75 MP: 11/11
  8698 | D:10     | Killed Harold
  8717 | D:10     | Reached *** piety under Makhleb
  9002 | Lair:1   | Entered Level 1 of the Lair of Beasts
  9428 | Lair:1   | Got a pitted wooden ring
  9429 | Lair:1   | Identified the ring "Emmuv" {AC+4 Int+3} (You found it on
                  | level 1 of the Lair of Beasts)
  9717 | Lair:1   | Reached skill level 15 in Maces & Flails
 10352 | Lair:2   | Found a bloodstained altar of Trog.
 10608 | Lair:2   | Reached XP level 12. HP: 77/81 MP: 12/12
 11049 | D:4      | Killed HunterMK's ghost
 11259 | Lair:3   | Noticed a six-headed hydra
 11269 | Lair:3   | Killed a six-headed hydra
 11465 | Lair:3   | Found a shimmering blue altar of Sif Muna.
 12124 | Lair:4   | Reached **** piety under Makhleb
 12365 | Lair:4   | Identified a scroll of acquirement
 12365 | Lair:4   | Acquired 761 gold pieces
 12471 | Lair:4   | Found a hole to the Spider Nest.
 12635 | Lair:4   | Found a staircase to the Shoals.
 12651 | Lair:4   | Reached XP level 13. HP: 67/86 MP: 13/13
 12913 | Lair:4   | Found a broken altar of Ashenzari.
 13304 | Lair:5   | Noticed an eight-headed hydra
 13322 | Lair:5   | Killed an eight-headed hydra
 13367 | Lair:5   | Found a dark tunnel.
 13373 | Volcano  | Entered a volcano
 14362 | Lair:6   | Entered Level 6 of the Lair of Beasts
 14389 | Lair:5   | Reached ***** piety under Makhleb
 14488 | Lair:6   | Noticed a four-headed hydra
 14492 | Lair:6   | Noticed an eight-headed hydra
 14514 | Lair:6   | Killed an eight-headed hydra
 14518 | Lair:6   | Killed a four-headed hydra
 14546 | Lair:6   | Noticed a seven-headed hydra
 14553 | Lair:6   | Killed a seven-headed hydra
 14566 | Lair:6   | Noticed a four-headed hydra
 14574 | Lair:6   | Killed a four-headed hydra
 14574 | Lair:6   | Reached XP level 14. HP: 94/94 MP: 14/14
 14668 | Lair:6   | Reached skill level 1 in Dodging
 14728 | Lair:6   | Acquired 493 gold pieces
 14730 | Lair:6   | Acquired 483 gold pieces
 15124 | Lair:6   | Reached skill level 5 in Fighting
 15234 | Lair:6   | Found a large runed translucent door.
 15235 | Lair:6   | Found a large runed translucent door.
 15672 | Lair:6   | Reached skill level 5 in Armour
 16449 | D:11     | Found a stormy altar of Qazlal.
 16449 | D:11     | Found a shimmering blue altar of Sif Muna.
 16451 | D:11     | Found a blossoming altar of Fedhas.
 16451 | D:11     | Found a stormy altar of Qazlal.
 16488 | D:11     | You fall into a shaft and drop 2 floors!
 16687 | D:13     | Reached ****** piety under Makhleb
 16986 | D:13     | Noticed an entropy weaver
 16999 | D:13     | Killed an entropy weaver
 17390 | D:11     | Reached XP level 15. HP: 112/113 MP: 15/15
 17447 | D:11     | Got a pair of ichor-stained gloves
 17449 | D:11     | Identified the cursed -6 pair of gloves of Shielding {rN+}
                  | (You found it on level 11 of the Dungeon)
 17478 | D:11     | Found a staircase to the Orcish Mines.
 17798 | D:12     | Reached skill level 5 in Dodging
 17992 | D:12     | You fall into a shaft and drop 1 floor!
 18321 | Orc:1    | Entered Level 1 of the Orcish Mines
 18340 | Orc:1    | Noticed a stone giant
 18350 | Orc:1    | Killed a stone giant
 18436 | Orc:2    | Entered Level 2 of the Orcish Mines
 18487 | Orc:2    | Reached skill level 10 in Fighting
 18791 | Orc:2    | Found a staircase to the Elven Halls.
 18845 | Orc:2    | Noticed an orc warlord
 18884 | Orc:2    | Killed an orc warlord
 18996 | Orc:2    | Found a roughly hewn altar of Beogh.
 19195 | Orc:2    | Found Lynaseh's Assorted Antiques.
 19195 | Orc:2    | Found Behoklem's Distillery.
 19197 | Orc:2    | Found Becah's Antique Armour Boutique.
 19199 | Orc:2    | Found Baehixtu's Assorted Antiques.
 19204 | Orc:2    | Bought a potion of might for 56 gold pieces
 19204 | Orc:2    | Bought a potion of heal wounds for 70 gold pieces
 19204 | Orc:2    | Bought a potion of might for 56 gold pieces
 19264 | Orc:1    | Noticed an orc warlord
 19303 | Orc:1    | Killed an orc warlord
 19371 | Orc:1    | Found a roughly hewn altar of Beogh.
 20599 | D:13     | Noticed Kirke
 20620 | D:13     | Killed Kirke
 20635 | D:13     | Found a gate to the Vaults.
 20674 | D:14     | Noticed Jorgrun
 20697 | D:14     | Killed Jorgrun
 20697 | D:14     | Reached XP level 16. HP: 95/127 MP: 16/16
 20788 | D:14     | Found a gate leading to a gauntlet.
 20803 | Gauntlet | Entered a Gauntlet
 20803 | Gauntlet | Found a transporter.
 20803 | Gauntlet | Found a transporter.
 20808 | Gauntlet | Found a runed translucent door.
 20809 | Gauntlet | Found a transporter.
 20810 | Gauntlet | Found a runed translucent door.
 20821 | Gauntlet | Found a transporter.
 20839 | Gauntlet | Found a transporter.
 20839 | Gauntlet | Found a transporter.
 20841 | Gauntlet | Found a transporter.
 20841 | Gauntlet | Found a transporter.
 20842 | Gauntlet | Found a transporter.
 20853 | Gauntlet | Found a transporter.
 20869 | Gauntlet | Found a transporter.
 20879 | Gauntlet | Found a transporter.
 20896 | Gauntlet | Found a transporter.
 20916 | Gauntlet | Found a transporter.
 20973 | Gauntlet | Acquired a manual of Armour
 21113 | Gauntlet | Got a pair of faintly glowing boots
 21114 | Gauntlet | Identified the cursed +0 pair of boots "Doack" {MR+ Str+4}
                  | (You found it in a Gauntlet)
 21719 | D:15     | Entered Level 15 of the Dungeon
 22293 | D:15     | Noticed Rupert
 22317 | D:15     | Killed Rupert
 22928 | D:15     | Found a staircase to the Depths.
 23366 | Spider:1 | Entered Level 1 of the Spider Nest
 23901 | Lair:4   | Reached skill level 15 in Fighting
 23931 | Spider:1 | Reached XP level 17. HP: 142/142 MP: 17/17
 26894 | Spider:4 | Entered Level 4 of the Spider Nest
 27215 | Spider:4 | Reached XP level 18. HP: 158/158 MP: 18/18
 28159 | Spider:4 | Got a gossamer rune of Zot
 28358 | Shoals:1 | Entered Level 1 of the Shoals
 28472 | Shoals:1 | Found a shimmering blue altar of Sif Muna.
 28723 | Shoals:1 | Noticed a kraken
 28751 | Shoals:1 | Slain by a tentacle

Illustrated notes

Levels and vault maps discovered:
D:1:      elethiomel_arrival_maze, layout_loops_corners
D:2:      layout_loops_ring, serial_bayou_pond_d
D:3:      layout_basic
D:4:      layout_rooms, nicolae_overflow_crystal_walls,
          minmay_temple_entry_ruins, gammafunk_ghost_arena, tso_metal_star
D:5:      layout_rooms, nicolae_gozag_seed_capital, grunt_temple_overflow_open,
          uniq_blork_the_orc, uniq_sigmund, uniq_grinder
D:6:      layout_basic
D:7:      layout_basic, vehumet_statue, uniq_duvessa
D:8:      layout_basic, dpeg_oklobed_lair, serial_curves, eino_curves_02,
          eino_curves_03, uniq_maggie, uniq_prince_ribbit1, uniq_joseph
D:9:      layout_roguey, tgw_sif
D:10:     layout_cave_pools, uniq_harold
D:11:     minmay_the_grid_octo_tiled_octocenter_mashed
          [minmay_the_grid_octo_pinwheel, minmay_the_grid_octo_clover_2,
          minmay_the_grid_octo_checkerflower, minmay_the_grid_octo_shrine,
          minmay_the_grid_octo_prize_big_c, minmay_the_grid_square_5x5_dogpile,
          minmay_the_grid_square_5x5_fancy_junction,
          minmay_the_grid_square_5x5_bridge, minmay_the_grid_square_5x5_mess],
          layout_basic, serial_glass, glass_columns_a, glass_columns_a
D:12:     layout_rooms, serial_co_window_serial, co_window_cross_1,
          co_window_paths_a, co_window_of_opportunity_a, co_window_corner_a,
          co_window_paths_a, co_window_paths_b, co_window_paths_a,
          co_window_cross_2, co_window_of_opportunity_c,
          co_window_of_opportunity_b, co_window_unsneaky_path_c,
          co_window_paths_d, glass_columns_b
D:13:     layout_basic, david_vaults_5, portal_ice_cave_rime, grunt_tough_drop,
          uniq_kirke
D:14:     layout_loops_ring, gauntlet_entry_generic, uniq_jorgrun
D:15:     grunt_enter_depths_magical_seal, layout_stronghold,
          hangedman_decor_peaks_small, uniq_rupert
Temple:   cyrus_circular_temple
Lair:1:   layout_gridlike
Lair:2:   layout_regular_city, basic_altar, minmay_lair_oklob_bushes
Lair:3:   layout_gridlike, basic_altar, lemuel_fruit_tree
Lair:4:   layout_regular_city, minmay_shoals_entry_beasts,
          spider_nest_entry_web_field, basic_altar
Lair:5:   layout_regular_city, minmay_slime_entry_oklob_enclosed,
          enter_volcano_2, lemuel_old_faithful
Lair:6:   cheibrodos_lair_end_hotspot, layout_regular_city, minivault_24,
          patterned_corridor
Shoals:1: layout_shoals, serial_shops, shop, lemuel_centaur_altar
Spider:1: layout_spider_delve
Spider:2: layout_spider_delve
Spider:3: layout_spider_delve
Spider:4: grunt_spider_rune_parallel
Orc:1:    layout_diamond_mine, serial_shops, basic_altar
Orc:2:    st_orc_rangers, layout_caves, basic_altar

Skill      XL: |  1  2  3  4  5  6  7  8  9 10 11 12 13 14 15 16 17 18 |
---------------+-------------------------------------------------------+-----
Shields        | 4 5 7 8 9 |  9.0
Maces & Flails | 3 4 5 7 8 11 13 15 18 20 | 20.0
Dodging        | 4 7 9 |  9.0
Fighting       | 9 12 15 18 20 | 20.0
Armour         | 6 9 |  9.0

Action                   |  1- 3 |  4- 6 |  7- 9 | 10-12 | 13-15 | 16-18 || total
-------------------------+-------+-------+-------+-------+-------+-------++-------
Melee: Flail             |    92 |   169 |   329 |   650 |       |       ||  1240
       Great mace        |       |       |       |   129 |  1216 |  1257 ||  2602
 Abil: Dig               |       |       |     5 |    13 |    13 |     9 ||    40
       Shaft Self        |       |       |       |       |     1 |       ||     1
Evoke: Wand              |       |       |       |     2 |       |       ||     2
  Use: Scroll            |     5 |     4 |     9 |    17 |    13 |     8 ||    56
       Potion            |       |     1 |     1 |       |       |     3 ||     5
 Stab: Petrified         |       |       |       |       |     3 |       ||     3
       Petrifying        |       |       |       |       |     1 |       ||     1
Armor: Scale mail        |    30 |    11 |       |       |       |       ||    41
       Chain mail        |       |    48 |    96 |       |       |       ||   144
       Plate armour      |       |       |    41 |     4 |   193 |   483 ||   721
       Steam dragon scal |       |       |       |   141 |    83 |       ||   224
Dodge: Dodged            |    31 |    29 |    70 |   123 |   259 |   570 ||  1082
Block: Kite shield       |    41 |   100 |   222 |   479 |   806 |  1256 ||  2904
       Reflection        |       |       |       |     2 |    62 |    59 ||   123

Table legend: (Time is in decaauts)
 A = Elapsed time spent in this place.
 B = Non-inter-level travel time spent in this place.
 C = Inter-level travel time spent in this place.
 D = Time resting spent in this place.
 E = Time spent auto-exploring this place.
 F = Levels seen in this place.
 G = Mean time per level.
                   A        B        C        D        E       F      G
               +--------+--------+--------+--------+--------+-----+--------+
         Total |  27931 |  26002 |   1929 |   4982 |  14170 |  31 |  901.0 |
       Dungeon |  14424 |  13420 |   1004 |   2524 |   7559 |  15 |  961.6 |
        Temple |     66 |     66 |      0 |      0 |     44 |   1 |   66.0 |
          Lair |   6818 |   6213 |    605 |   1445 |   3461 |   6 | 1136.3 |
        Shoals |    387 |    387 |      0 |      2 |    184 |   1 |  387.0 |
   Spider Nest |   4200 |   3982 |    218 |   1011 |   1757 |   4 | 1050.0 |
  Orcish Mines |   1398 |   1297 |    101 |      0 |    858 |   2 |  699.0 |
       Volcano |    267 |    267 |      0 |      0 |    145 |   1 |  267.0 |
      Gauntlet |    368 |    368 |      0 |      0 |    160 |   1 |  368.0 |
               +--------+--------+--------+--------+--------+-----+--------+

Top non-repeatable levels by time:
  Lair:4: 1833 daAuts
  Lair:6: 1320 daAuts
    D:15: 1283 daAuts
     D:8: 1248 daAuts
     D:3: 1235 daAuts
     D:7: 1226 daAuts
     D:6: 1150 daAuts
    D:12: 1142 daAuts
Spider:4: 1141 daAuts
     D:1: 1128 daAuts
    D:13: 1127 daAuts
Spider:1: 1111 daAuts
  Lair:2: 1071 daAuts
Spider:3: 1057 daAuts
  Lair:1: 908 daAuts
